 Dungeon Crawl Stone Soup version 0.26.1-2-gb8aa6d0cf2 (webtiles) character file.

Game seed: 15042735093515624552

282 Allula97 the Shield-Bearer (level 6, 0/47 HPs)
             Began as a Demonspawn Fighter on Feb 17, 2021.
             Slain by a black bear (2 damage)
             ... on level 6 of the Dungeon.
             The game lasted 00:15:00 (3812 turns).

Allula97 the Shield-Bearer (Demonspawn Fighter)     Turns: 3812, Time: 00:15:00

Health: 0/47       AC:  8    Str: 16    XL:     6   Next: 6%
Magic:  0/4        EV:  7    Int: 10    God:
Gold:   274        SH: 10    Dex: 16    Spells: 5/5 levels left

rFire    . . .     SeeInvis .   a - +0 long sword
rCold    . . .     Faith    .   c - +1 kite shield
rNeg     . . .     Spirit   +   b - +0 scale mail
rPois    .         Reflect  .   (no helmet)
rElec    .         Harm     .   (no cloak)
rCorr    .         Rampage  .   w - +0 pair of gloves
Will     .....                  (no boots)
Stlth    +.........             i - amulet of guardian spirit
HPRegen  0.15/turn              (no ring)
MPRegen  0.09/turn              (no ring)

@: no status effects
A: agile 1, low mp 2, mutation resistance 1, powered by death 2
a: no special abilities


You were on level 6 of the Dungeon.
You visited 1 branch of the dungeon, and saw 6 of its levels.

You collected 274 gold pieces.

Inventory:

Hand Weapons
 a - a +0 long sword (weapon)
 k - a +1 dagger of speed
 l - a +2 war axe of pain
 r - a +3 hunting sling
Armour
 b - a +0 scale mail (worn)
 c - a +1 kite shield (worn)
 w - a +0 pair of gloves (worn)
Jewellery
 i - an amulet of guardian spirit (around neck)
Wands
 f - a wand of acid (6)
 p - a wand of disintegration (14)
Scrolls
 e - a scroll of identify
 g - 4 scrolls of teleportation
 h - 2 scrolls of magic mapping
 j - 5 scrolls of enchant weapon
 o - a scroll of blinking
 s - 2 scrolls of enchant armour
 t - 3 scrolls of amnesia
 v - 4 scrolls of immolation
 x - a scroll of fear
Potions
 d - a potion of might
 m - 2 potions of invisibility
 n - a potion of attraction
 q - a potion of flight
 u - a potion of lignification


   Skills:
 * Level 3.5 Fighting
 * Level 3.4 Long Blades
 * Level 3.6 Armour
 * Level 1.1 Dodging
 * Level 1.6 Stealth
 * Level 3.7 Shields


You had 5 spell levels left.
You didn't know any spells.
Your spell library was empty.

Dungeon Overview and Level Annotations

Branches:
Dungeon (6/15)
 Temple: D:4-7

Altars:
Dithmenos
Gozag
Xom

Shops:
D:6 *

Annotations:
D:4 3 runed translucent doors, Mattiprrivan's ghost, amateur GrGl; Stixsmaster's ghost, novice MfFi; raetorn's ghost, weakling GrMo


Innate Abilities, Weirdness & Mutations

You regenerate health from kills.
You are agile. (Dex +2)
Your magical capacity is very low. (-20% MP)
You are somewhat resistant to further mutation.


Message History

A black bear comes into view.
The black bear growls angrily.
Found 10 gold pieces, a ring mail and 3 scrolls of remove curse.
You feel yourself slow down.
Found a silver wand.
Found 17 stones.
You see here 17 stones.
The black bear bites you but does no damage.
The black bear claws you but does no damage.
The black bear claws you.
* * * LOW HITPOINT WARNING * * *
You see here a wand of disintegration (14).
p - a wand of disintegration (14)
Found a glowing robe.
Found a scale mail.
The black bear bites you.
* * * LOW HITPOINT WARNING * * *
The black bear claws you but does no damage.
The black bear claws you.
You die...

.........####...#
....#..........# .
##..#####..# #.[## ##.#
#...#####.## #
##......###.# #.
##..........(#
.[##..####.....###....#
.......@h...##.#
#####.#
###..####..###..# #. #
##.# #..# # #.# ##..
#.. ... ##.. .... .[.
....


You could see a black bear.

Vanquished Creatures
  A hound (D:5)
  An orc wizard (D:4)
  An iguana (D:6)
  A worker ant (D:5)
  6 adders
  A white imp (D:6)
  An ufetubus (D:5)
  An ooze (D:4)
  3 dart slugs
  5 orcs
  17 giant cockroaches
  5 goblins
  8 hobgoblins
  6 jackals
  A quokka (D:4)
  3 ball pythons
  6 bats
  8 frilled lizards
  7 kobolds
  9 rats
91 creatures vanquished.

Vanquished Creatures (others)
  4 withered plants (D:4)
4 creatures vanquished.

Grand Total: 95 creatures vanquished

Notes
Turn   | Place    | Note
-------+----------+-------------------------------------------
     0 | D:1      | Allula97 the Demonspawn Fighter began the quest for the
                  | Orb.
     0 | D:1      | Reached XP level 1. HP: 18/18 MP: 1/1
   103 | D:1      | Gained mutation: You regenerate a little health from kills.
                  | [demonic ancestry]
   103 | D:1      | Reached XP level 2. HP: 23/24 MP: 2/2
   636 | D:1      | Reached XP level 3. HP: 29/29 MP: 3/3
   661 | D:1      | Found an iron altar of Okawaru.
   663 | D:1      | Found a shimmering altar of Xom.
   663 | D:1      | Found a bloodstained altar of Trog.
   665 | D:1      | Found a shimmering blue altar of Sif Muna.
   665 | D:1      | Found a sparkling altar of Nemelex Xobeh.
   665 | D:1      | Found a snail-covered altar of Cheibriados.
  1336 | D:2      | Reached skill level 1 in Stealth
  1641 | D:2      | Reached XP level 4. HP: 35/35 MP: 4/4
  2027 | D:2      | Found a shadowy altar of Dithmenos.
  2888 | D:4      | Gained mutation: You regenerate health from kills. [demonic
                  | ancestry]
  2888 | D:4      | Reached XP level 5. HP: 38/41 MP: 5/5
  2896 | D:4      | Found a runed translucent gate.
  2898 | D:4      | Found a runed translucent gate.
  2898 | D:4      | Found a runed translucent gate.
  2899 | D:4      | Noticed Mattiprrivan's ghost (amateur GrGl)
  2899 | D:4      | Noticed raetorn's ghost (weakling GrMo)
  2902 | D:4      | Noticed Stixsmaster's ghost (novice MfFi)
  3038 | D:4      | HP: 2/41 [orc/+0 flail (9)]
  3348 | D:4      | You fall into a shaft and drop 2 floors!
  3426 | D:6      | Found an opulent altar of Gozag.
  3458 | D:6      | Reached skill level 1 in Dodging
  3481 | D:6      | Found Toezxiukk's Elemental Accessories.
  3512 | D:5      | Entered Level 5 of the Dungeon
  3622 | D:5      | Reached XP level 6. HP: 35/47 MP: 6/6
  3734 | D:5      | Gained mutation: Your magical capacity is low. (-10% MP)
                  | [potion of mutation]
  3734 | D:5      | Gained mutation: You are agile. (Dex +2) [potion of
                  | mutation]
  3734 | D:5      | Gained mutation: Your magical capacity is very low. (-20%
                  | MP) [potion of mutation]
  3734 | D:5      | Gained mutation: You are somewhat resistant to further
                  | mutation. [potion of mutation]
  3783 | D:6      | HP: 2/47 [white imp/puff of frost (8)]
  3812 | D:6      | HP: 2/47 [black bear (3)]
  3812 | D:6      | Slain by a black bear

Illustrated notes

Levels and vault maps discovered:
D:1:      dpeg_arrival_round_a, layout_basic, doesnt_xom_only_xom
D:2:      minmay_roachtagon, layout_loops_corners,
          nicolae_overflow_hidden_temple
D:3:      layout_basic
D:4:      layout_cave_pools, gammafunk_ghost_cemetery,
          kennysheep_opposing_triangles
D:5:      layout_basic, basic_altar
D:6:      layout_layer_cave, lemuel_coloured_pillars_altar,
          minmay_temple_entry_from_below_a, nicolae_elemental_shop,
          nicolae_gozag_seed_capital

Skill      XL: |  1  2  3  4  5 |
---------------+----------------+-----
Shields        | 3 |  3.7
Armour         | 3 |  3.6
Long Blades    | 2 3 |  3.4
Stealth        | 1 |  1.6
Dodging        | 1 |  1.1
Fighting       | |  3.5

Action                   |  1- 3 |  4- 6 || total
-------------------------+-------+-------++-------
Melee: Long sword        |   173 |   247 ||   420
  Use: Scroll            |     1 |    19 ||    20
       Potion            |       |     5 ||     5
Armor: Scale mail        |    93 |   160 ||   253
Dodge: Dodged            |    59 |   102 ||   161
Block: Kite shield       |    84 |   194 ||   278
       Rpst.: Long sword |    21 |    28 ||    49
